 Dungeon Crawl Stone Soup version 0.27.1-33-g824d729ab1 (webtiles) character file.

Game seed: 17380360131368535529

191 zeram the Shield-Bearer (level 5, 0/31 HPs)
             Began as a Deep Elf Fighter on Dec 15, 2021.
             Slain by a gnoll shaman (6 damage)
             ... on level 3 of the Dungeon.
             The game lasted 00:06:03 (4381 turns).

zeram the Shield-Bearer (Deep Elf Fighter)          Turns: 4381, Time: 00:06:04

Health: 0/31       AC:  7    Str: 13    XL:     5   Next: 42%
Magic:  12/12      EV:  6    Int: 14    God:
Gold:   133        SH: 10    Dex: 14    Spells: 11/11 levels left

rFire    . . .     SeeInvis .   a - +0 rapier
rCold    . . .     Faith    .   c - +1 kite shield
rNeg     . . .     Spirit   .   b - +0 scale mail
rPois    .         Reflect  .   (no helmet)
rElec    .         Harm     .   j - +0 cloak
rCorr    .         Rampage  .   (no gloves)
Will     .....                  (no boots)
Stlth    ..........             (no amulet)
HPRegen  0.10/turn              (no ring)
MPRegen  0.13/turn              (no ring)

@: lit by a corona, glowing
A: no striking features
a: no special abilities


You were on level 3 of the Dungeon.
You visited 1 branch of the dungeon, and saw 4 of its levels.

You collected 133 gold pieces.

Inventory:

Hand Weapons
 a - a +0 rapier (weapon)
Armour
 b - a +0 scale mail (worn)
 c - a +1 kite shield (worn)
 j - a +0 cloak (worn)
Scrolls
 d - a scroll of holy word
 f - a scroll of silence {unknown}
 g - a scroll of teleportation
 i - a scroll of amnesia {unknown}
Potions
 h - a potion of berserk rage {unknown}


   Skills:
 - Level 2.4 Fighting
 - Level 2.0 Short Blades
 - Level 2.4 Armour
 + Level 4.4 Shields
 * Level 3.6 Spellcasting


You had 11 spell levels left.
You didn't know any spells.
Your spell library contained the following spells:

 Spells                   Type           Power      Damage    Failure   Level
 Conjure Flame            Conj/Fire      2%         6-21      100%        3
 Ignite Poison            Fire/Tmut/Pois 2%         N/A       100%        3
 Sticky Flame             Conj/Fire      2%         2d3       100%        4


Dungeon Overview and Level Annotations

Branches:
Dungeon (4/15)
 Temple: D:4-7

Altars:
Vehumet


Message History

The gnoll shaman is severely wounded.
You block the gnoll shaman's attack.
You closely miss the gnoll shaman.
The gnoll shaman is severely wounded.
You block the gnoll shaman's attack.
You hit the gnoll shaman but do no damage.
The gnoll shaman is severely wounded.
The gnoll shaman hits you but does no damage.
The gnoll shaman hits you with a +0 whip.
You hit the gnoll shaman but do no damage.
The gnoll shaman is severely wounded.
You block the gnoll shaman's attack.
You barely miss the gnoll shaman.
The gnoll shaman is severely wounded.
The gnoll shaman hits you with a +0 whip!
* * * LOW HITPOINT WARNING * * *
You closely miss the gnoll shaman.
The gnoll shaman is severely wounded.
You block the gnoll shaman's attack. x2
You barely miss the gnoll shaman.
The gnoll shaman is severely wounded.
The gnoll shaman prays to its god.
The gnoll shaman is healed somewhat.
You hit the gnoll shaman.
The gnoll shaman is heavily wounded.
The gnoll shaman mumbles some strange prayers to its god.
The gnoll shaman is healed somewhat.
You puncture the gnoll shaman!
The gnoll shaman is severely wounded.
You block the gnoll shaman's attack. x2
You hit the gnoll shaman.
The gnoll shaman is severely wounded.
You block the gnoll shaman's attack.
You hit the gnoll shaman.
The gnoll shaman is severely wounded.
You block the gnoll shaman's attack.
You completely miss the gnoll shaman.
The gnoll shaman is severely wounded.
The gnoll shaman hits you with a +0 whip.
You die...

≈♣≈[≈≈P...##.#
#.####....#
.≈.≈≈≈≈♣#.##.######.#
#....#
..(.P.....##........#
♣....♣
....##.........######
♣♣...♣
.......#..###..#
♣♣.♣♣ .#..#.#.#.#
#..# ♣♣.♣ ....##.##.#
#..# ♣.♣♣ .##.#####.#
#..###### ♣♣.♣
..........# #..g@)..#
♣.♣♣ ###.#######
##.###### ##)## # #.#
###.###### #...#
###.########........#
#...#
..........##.#.######
#)..#
.....####.#...)#
#####
###..####..#.#.######
#
#.................###
### #
#.#####..#.#..#.###.#
#.#


You could see a gnoll shaman.

Vanquished Creatures
  A hound (D:3)
  Crazy Yiuf (D:3)
  4 gnolls
  2 adders (D:3)
  A worm (D:2)
  3 dart slugs
  2 orcs (D:3)
  8 ball pythons
  9 bats
  4 endoplasms (D:1)
  6 giant cockroaches
  5 goblins
  4 hobgoblins
  2 quokkas
  6 frilled lizards
  6 kobolds
  A rat (D:3)
65 creatures vanquished.

Vanquished Creatures (others)
  37 plants (D:3)
37 creatures vanquished.

Grand Total: 102 creatures vanquished

Notes
Turn   | Place    | Note
-------+----------+-------------------------------------------
     0 | D:1      | zeram the Deep Elf Fighter began the quest for the Orb.
     0 | D:1      | Reached XP level 1. HP: 13/13 MP: 3/3
   107 | D:1      | Reached skill level 1 in Spellcasting
   448 | D:1      | Reached XP level 2. HP: 1/18 MP: 4/6
   847 | D:1      | Reached skill level 3 in Shields
   944 | D:1      | Reached XP level 3. HP: 19/22 MP: 8/8
  1366 | D:1      | Found a faded altar of an unknown god.
  2271 | D:2      | Found a radiant altar of Vehumet.
  2713 | D:3      | Reached XP level 4. HP: 21/27 MP: 10/10
  3270 | D:3      | Reached skill level 4 in Shields
  3532 | D:3      | Found a runed translucent door.
  3533 | D:3      | Noticed Crazy Yiuf
  3837 | D:3      | Killed Crazy Yiuf
  3838 | D:3      | Reached XP level 5. HP: 20/31 MP: 10/12
  4381 | D:3      | Slain by a gnoll shaman

Illustrated notes

Levels and vault maps discovered:
D:1:      lightli_arrival_boilingwater, layout_basic,
          ebering_ecumenical_altar_abandoned, hangedman_decor_lopped,
          corexii_item_surrounded_by_moat, chequers_serial_rivers_micro_a,
          minmay_octomino_j4
D:2:      layout_loops_ring, basic_altar
D:3:      layout_loops_ring, serial_bayou, serial_bayou_pond_b,
          serial_bayou_shore_a, serial_bayou_pond_e, serial_bayou_ford_a,
          serial_bayou_pond_e, serial_bayou_lagoon_a, minmay_misc_feat_plants,
          uniq_crazy_yiuf_cottage
D:4:      layout_loops_cross, kennysheep_mini

Skill      XL: |  1  2  3  4 |
---------------+-------------+-----
Spellcasting   | 1 2 3 |  3.6
Shields        | 3 4 |  4.4
Fighting       | |  2.4
Short Blades   | |  2.0
Armour         | |  2.4

Action                   |  1- 3 |  4- 6 || total
-------------------------+-------+-------++-------
Melee: Rapier            |   155 |   116 ||   271
  Use: Potion            |     2 |     2 ||     4
       Scroll            |     4 |     1 ||     5
Armor: Scale mail        |    81 |    32 ||   113
Dodge: Dodged            |    42 |    22 ||    64
Block: Kite shield       |    99 |    79 ||   178
